 Dungeon Crawl Stone Soup version 0.19-a0-1210-g5c1aa26 (webtiles) character file.

467 Duffy the Chopper (level 7, -8/55 HPs)
             Began as a Formicid Skald on Aug 22, 2016.
             Was a Follower of Ashenzari.
             Killed from afar by Erica (12 damage)
             ... with an orb of energy
             ... on level 9 of the Dungeon.
             The game lasted 00:06:05 (6215 turns).

Duffy the Chopper (Formicid Skald)                  Turns: 6215, Time: 00:06:06

Health: -8/55      AC: 10    Str: 16    XL:     7   Next: 30%
Magic:  0/10       EV:  9    Int: 16    God:    Ashenzari [*.....]
Gold:   178        SH:  0    Dex: 12    Spells: 1 memorised, 9 levels left

rFire  . . .     SeeInvis +     s - +0 war axe
rCold  + . .     Gourm    .     q - +0 scale mail
rNeg   . . .     Faith    .     (no shield)
rPois  .         Spirit   +     (helmet unavailable)
rElec  .         Dismiss  .     (no cloak)
rCorr  .         Reflect  .     (no gloves)
MR     .....     Harm     .     (no boots)
Stlth  ..........               v - amulet of guardian spirit (curse)
                                z - +4 ring of protection
                                k - ring of protection from cold

@: lethally poisoned (-8 -> -8), flying
A: permanent stasis, dig shafts and tunnels, four strong arms, antennae 3,
talons 1, clever 2, sense surroundings 1, regeneration 1, robust 1
a: Dig, Shaft Self, Curse Item, Scrying, Renounce Religion


You were on level 9 of the Dungeon.
You worshipped Ashenzari.
Ashenzari was aware of your devotion.
You were hungry.

You visited 1 branch of the dungeon, and saw 7 of its levels.

You collected 178 gold pieces.

Inventory:

Hand Weapons
 a - a +0 hand axe
 s - a +0 war axe (weapon)
Missiles
 g - 8 javelins (quivered)
Armour
 q - a +0 scale mail (worn)
Jewellery
 k - a ring of protection from cold (left hand)
 p - an uncursed ring of protection from cold
 v - a cursed amulet of guardian spirit (around neck)
 z - a +4 ring of protection (right hand)
Scrolls
 b - a scroll of magic mapping {unknown}
 f - 4 scrolls of teleportation {unknown}
 h - 2 scrolls of enchant weapon {unknown}
 i - 2 scrolls of fog {unknown}
 l - a scroll of identify {unknown}
 r - 2 scrolls of random uselessness {unknown}
 u - a scroll of noise {unknown}
 w - a scroll of immolation {unknown}
 x - 2 scrolls of fear {unknown}
 y - a scroll of enchant armour {unknown}
Books
 c - a book of Battle

   Spells                             Type                      Level
   a - Infusion                       Charms                       1
   b - Shroud of Golubria             Charms/Translocation         2
   c - Song of Slaying                Charms                       2
   d - Spectral Weapon                Hexes/Charms                 3
   e - Regeneration                   Charms/Necromancy            3
Comestibles
 d - 4 bread rations
 j - 3 meat rations
 o - 2 beef jerkies
 B - 2 chunks of flesh


   Skills:
 - Level 2.1 Fighting
 + Level 7.4 Axes
 - Level 1.1 Armour
 - Level 0.8 Dodging
 - Level 2.1 Spellcasting
 - Level 3.0 Charms


You had 9 spell levels left.
You knew the following spells:

 Your Spells              Type           Power        Failure   Level  Hunger
a - Infusion              Chrm           ##..         21%         1    #......


Dungeon Overview and Level Annotations

Branches:
Dungeon (9/15)
 Temple: D:4-7         Lair: D:8-11         Orc: D:9-12

Altars:
Ashenzari
Dithmenos
Kikubaaqudgha
Nemelex Xobeh
Xom

Annotations:
D:9 Erica


Innate Abilities, Weirdness & Mutations

You are under a permanent stasis effect.
You can dig through walls and to a lower floor.
Your four strong arms can wield two-handed weapons with a shield.
You have a pair of large antennae on your head. (SInv)
You have sharp toenails.
Your mind is very acute. (Int +4)
You passively map a small area around you.
Your natural rate of healing is unusually fast.
You are robust. (+10% HP)


Message History

Erica is severely wounded.
Erica hits you with a scimitar of flaming.
Erica burns you.
You slash Erica! Your kick misses Erica.
Erica is almost dead.
You feel sick. Erica gestures at you while chanting.
You resist with significant effort.
You closely miss Erica. You claw Erica, but do no damage.
Erica is almost dead.
Erica points at you and mumbles some strange words.
The orb of energy hits you!
The orb of energy explodes!
You hit Erica.
Erica is almost dead.
You feel sick. Erica hits you but does no damage.
You hit Erica but do no damage.
Erica is almost dead.
Erica points at you and mumbles some strange words.
The orb of energy hits you!
You die...

#%# #.# # ##.#.#
#######..#=#
.........#.####
..............######
,,
...................#
,
.......@..(#.#.#.#.#
.......@...........#
.####.##...#.#.#.#.#
, #..<<..........#
.###.##.#.#.#.#.# ,
...................#
,
...........#.#.#.#.#
....###.#..........#
, ...,
#.#........###


You could see Erica.

Vanquished Creatures
  The ghost of murphy the Skirmisher, an amateur HOMo of Beogh (D:3)
  A sky beast (D:9)
  A hound (D:8)
  A worker ant (D:2)
  Natasha (D:4)
  An orc wizard (D:4)
  A hound skeleton (D:4)
  Robin (D:3)
  6 adders
  3 oozes
  2 worms (D:2)
  2 dart slugs
  6 orcs
  2 giant cockroaches (D:1)
  20 goblins
  6 hobgoblins
  3 jackals (D:3)
  2 ball pythons (D:1)
  10 bats
  6 giant newts
  6 kobolds (D:1)
  7 rats
89 creatures vanquished.

Notes
Turn   | Place    | Note
-------+----------+-------------------------------------------
     0 | D:1      | Duffy the Formicid Skald began the quest for the Orb.
     0 | D:1      | Reached XP level 1. HP: 16/16 MP: 3/3
   219 | D:1      | You fall through a shaft!
   261 | D:2      | Reached XP level 2. HP: 22/22 MP: 5/5
   679 | D:3      | Noticed murphy's ghost (amateur HOMo)
   736 | D:2      | Found a shattered altar of Ashenzari.
   834 | D:2      | Became a worshipper of Ashenzari the Shackled
   856 | D:2      | Found a shadowy altar of Dithmenos.
  1149 | D:2      | Reached skill level 3 in Axes
  1175 | D:2      | Reached XP level 3. HP: 14/27 MP: 6/6
  2046 | D:1      | Reached XP level 4. HP: 19/33 MP: 7/7
  2203 | D:1      | Reached skill level 4 in Axes
  3126 | D:2      | Found a shimmering altar of Xom.
  3652 | D:2      | Reached XP level 5. HP: 24/38 MP: 8/8
  3919 | D:3      | Killed murphy's ghost
  3919 | D:3      | Reached skill level 5 in Axes
  3919 | D:3      | Reached XP level 6. HP: 38/44 MP: 9/9
  4175 | D:4      | Reached * piety under Ashenzari
  4466 | D:3      | Reached skill level 6 in Axes
  4734 | D:3      | Noticed Robin
  4752 | D:3      | Killed Robin
  5041 | D:3      | Found an ancient bone altar of Kikubaaqudgha.
  5228 | D:3      | Found a sparkling altar of Nemelex Xobeh.
  5709 | D:4      | Noticed Natasha
  5721 | D:4      | Killed Natasha
  6026 | D:4      | You fall through a shaft for 2 floors!
  6026 | D:6      | Noticed an orc warrior
  6032 | D:6      | You fall through a shaft for 3 floors!
  6064 | D:9      | Noticed a sky beast
  6076 | D:9      | Killed a sky beast
  6076 | D:9      | Reached skill level 7 in Axes
  6076 | D:9      | Reached XP level 7. HP: 22/50 MP: 3/10
  6084 | D:9      | Gained mutation: Your natural rate of healing is unusually fast. [mutagenic meat]
  6087 | D:9      | Gained mutation: Your mind is acute. (Int +2) [mutagenic meat]
  6092 | D:9      | Gained mutation: You have large cloven feet. [mutagenic meat]
  6095 | D:9      | Lost mutation: You have large cloven feet. [mutagenic meat]
  6098 | D:9      | Gained mutation: You have sharp toenails. [mutagenic meat]
  6178 | D:8      | Noticed Erica
  6189 | D:9      | Gained mutation: You are robust. (+10% HP) [potion of mutation]
  6189 | D:9      | Gained mutation: Your mind is very acute. (Int +4) [potion of mutation]
  6189 | D:9      | Gained mutation: You passively map a small area around you. [potion of mutation]
  6215 | D:9      | Killed from afar by Erica

Vault maps used:
D:1:      minmay_arrival_wavy_path
D:2:      xom_teletrap_fun, ashenzari_conservatory_becter,
          grunt_dithmenos_smoke_and_mirrors
D:3:      kennysheep_goblin_castle, lemuel_doored_altar,
          nemelex_dance_club_becter
D:4:      gammafunk_temple_overflow_pools, first_bread,
          grunt_decor_mini_mirrors, uniq_grinder, uniq_natasha
D:6:      kennysheep_mini_moat, nicolae_overflow_crystal_walls, st_stairs_4,
          minmay_misc_feat_columns
D:8:      minitemple, uniq_erica
D:9:      overflow_temple_1_default, serial_co_window_serial, co_window_paths_a,
          co_window_of_opportunity_a, co_window_paths_a, co_window_paths_a,
          co_window_corner_a, co_window_paths_a, co_window_of_opportunity_a,
          co_window_paths_c, co_window_cross_2, co_window_unsneaky_path_c,
          co_window_2corner, co_window_4corner_a, co_window_paths_d,
          glass_columns_b, glass_columns_a, glass_columns_a, glass_columns_c

Skill      XL: |  1  2  3  4  5  6 |
---------------+-------------------+-----
Axes           | 3 4 5 7 |  7.4
Fighting       | |  2.1
Armour         | |  1.1
Dodging        | |  0.8
Spellcasting   | |  2.1
Charms         | |  3.0

Action                   |  1- 3 |  4- 6 |  7- 9 || total
-------------------------+-------+-------+-------++-------
Melee: Hand axe          |   100 |   111 |       ||   211
       War axe           |       |   100 |    36 ||   136
       Kick              |       |       |    11 ||    11
Invok: Curse Item        |       |     1 |       ||     1
 Abil: Dig               |     2 |     4 |       ||     6
  Use: Potion            |       |     4 |     5 ||     9
  Eat: Chunk             |     3 |    14 |     5 ||    22
Armor: Leather armour    |    30 |     3 |       ||    33
       Scale mail        |       |   106 |    12 ||   118
       Skin              |       |     9 |       ||     9
Dodge: Dodged            |    68 |   118 |    11 ||   197
